[Event "fics rated crazyhouse match"]
[Site "fics, Oklahoma City, OK USA"]
[Date "2001.01.15"]
[White "pminear"]
[WhiteElo "2503"]
[Black "RFrancisco"]
[BlackElo "2413"]
[TimeControl "60+0"]
[Result "1-0"]

1. e4 Nf6 2. e5 d5 3. exf6 exf6 4. d4 Nc6 5. Nf3 Bg4 6. Be2 
P@e4 7. Ng1 Bxe2 8. Nxe2 B@h5 9. N@f4 Bxe2 10. Nxe2 N@h4 11. B@h3 Bb4+ 
12. Bd2 Bxd2+ 13. Nxd2 B@h6 14. B@e3 Bxe3 15. fxe3 B@f3 16. gxf3 Nxf3+ 17. Nxf3 
exf3 18. Nf4 N@e4 19. Qxf3 P@f2+ 20. Ke2 Qe7 21. Nxd5 Nxd4+ 22. exd4 Ng3+ 
23. Kxf2 Nxh1+ 24. Rxh1 P@e3+ 25. Nxe3 R@d2+ 26. B@e2 Rd8 27. B@b5+ c6 28. N@f5 
Rxe2+ 29. Qxe2 B@e4 30. Nxe7 Kxe7 31. N@f5+ Bxf5 32. Nxf5+ Kd7 33. Q@d6+ Kc8 
34. Ne7# 
{RFrancisco checkmated} 1-0

[Event "fics rated crazyhouse match"]
[Site "fics, Oklahoma City, OK USA"]
[Date "2000.01.16"]
[White "Yoba"]
[WhiteElo "2298"]
[Black "Igy"]
[BlackElo "2172"]
[TimeControl "300+0"]
[Result "1-0"]

1. e4 Nf6 2. e5 Nd5 3. Bc4 e6 4. Bxd5 exd5 5. Nc3 d6 6. d4 
dxe5 7. dxe5 Be6 8. Nf3 Nc6 9. Bg5 P@f6 10. exf6 gxf6 11. Bxf6 Qxf6 
12. P@b5 Ne5 13. Nxe5 Qxe5+ 14. P@e3 N@h4 15. N@f4 B@b4 16. P@g3 Nf5 17. Nxe6 
fxe6 18. O-O Bxc3 19. bxc3 B@c4 20. B@e2 Bxe2 21. Qxe2 P@e4 22. B@d4 Nxd4 
23. cxd4 Qf5 24. B@g4 Qf7 25. N@e5 Qe7 26. f3 exf3 27. Rxf3 P@f6 28. P@d7+ 
Kd8 29. N@f7+ Qxf7 30. Nxf7+ Ke7 31. Nxh8 B@g8 32. R@c8 N@b6 33. d8=Q# 
{Igy checkmated} 1-0

[Event "fics rated crazyhouse match"]
[Site "fics, Oklahoma City, OK USA"]
[Date "2000.01.16"]
[White "Igy"]
[WhiteElo "2167"]
[Black "Yoba"]
[BlackElo "2303"]
[TimeControl "180+0"]
[Result "0-1"]

1. e4 e6 2. Nc3 Nf6 3. e5 Nd5 4. Nxd5 exd5 5. d4 d6 6. Bf4 
Nc6 7. Bb5 Bd7 8. Nf3 Nxe5 9. Nxe5 Bxb5 10. Nxf7 Kxf7 11. N@g5+ Qxg5 
12. Bxg5 Re8+ 13. P@e5 dxe5 14. N@d8+ Rxd8 15. Bxd8 P@e2 16. R@f5+ P@f6 17. Qd2 
N@h4 18. Rg1 Nxf5 19. Qxe2 Bxe2 20. dxe5 Bb4+ 21. P@c3 B@d2+ 22. Kxd2 Bxc3+ 
23. bxc3 N@c4+ 24. Kxe2 Q@d2# 
{Igy resigns} 0-1

[Event "fics rated crazyhouse match"]
[Site "fics, Oklahoma City, OK USA"]
[Date "2000.01.16"]
[White "Yoba"]
[WhiteElo "2308"]
[Black "Igy"]
[BlackElo "2162"]
[TimeControl "180+0"]
[Result "1-0"]

1. e4 Nf6 2. e5 Nd5 3. Bc4 e6 4. Bxd5 exd5 5. Nc3 d6 6. d4 
dxe5 7. dxe5 Bb4 8. Nf3 B@h5 9. O-O Bxc3 10. bxc3 P@e4 11. B@g5 Qd7 
12. N@f4 exf3 13. Nxh5 N@e2+ 14. Qxe2 fxe2 15. Nxg7+ Kf8 16. Ba3+ Kxg7 17. Bf6+ 
Kg6 18. P@h5+ Kxh5 19. N@g3+ Kg4 20. h3+ Kf4 21. P@e3# 
{Igy checkmated} 1-0

[Event "fics rated crazyhouse match"]
[Site "fics, Oklahoma City, OK USA"]
[Date "2000.01.16"]
[White "Igy"]
[WhiteElo "2157"]
[Black "Yoba"]
[BlackElo "2313"]
[TimeControl "180+0"]
[Result "1-0"]

1. e4 e6 2. Nc3 d5 3. exd5 exd5 4. Bb5+ c6 5. Qe2+ Be7 6. Nxd5 
P@c7 7. Nxe7 Qxe7 8. d3 cxb5 9. B@a3 B@d6 10. Bxd6 cxd6 11. P@c7 Nc6 
12. P@d5 B@a5+ 13. B@d2 Bxc7 14. dxc6 bxc6 15. Bg5 P@f6 16. N@h5 N@e6 17. Nxg7+ 
Nxg7 18. Qxe7+ Kxe7 19. Bh6 Nxh6 20. Bxh6 Nf5 21. P@g7 Rg8 22. Q@f8+ Rxf8 
23. gxf8=Q+ Ke6 24. N@f4+ Kd7 25. Qxf7+ Q@e7+ 26. Qxe7+ Kxe7 27. R@f7+ Kd8 28. Q@f8+ 
B@e8 29. P@e7+ Kd7 30. Rxf6 P@d2+ 31. Kxd2 P@e3+ 32. fxe3 Q@f2+ 33. Nfe2 Qxe3+ 
34. Bxe3 
{Yoba forfeits on time} 1-0

[Event "fics rated crazyhouse match"]
[Site "fics, Oklahoma City, OK USA"]
[Date "2000.01.16"]
[White "Yoba"]
[WhiteElo "2302"]
[Black "Igy"]
[BlackElo "2168"]
[TimeControl "180+0"]
[Result "1-0"]

1. e4 Nf6 2. e5 Nd5 3. Bc4 e6 4. Bxd5 exd5 5. Nc3 d6 6. d4 
dxe5 7. dxe5 Bb4 8. Nf3 B@h5 9. N@f4 Bcg4 10. Nxh5 Bxh5 11. P@f6 gxf6 
12. exf6 Qxf6 13. Qe2+ P@e4 14. P@e5 Bxf3 15. exf6 Bxe2 16. Bd2 Bc4 17. B@h5 
N@f5 18. Nxe4 Bxd2+ 19. Nxd2 P@d3 20. P@g7 Rg8 21. Q@e6+ Kd8 22. B@e7+ Ke8 
23. Bxf7# 
{Igy checkmated} 1-0

[Event "fics rated crazyhouse match"]
[Site "fics, Oklahoma City, OK USA"]
[Date "2000.01.16"]
[White "Igy"]
[WhiteElo "2163"]
[Black "Yoba"]
[BlackElo "2307"]
[TimeControl "180+0"]
[Result "0-1"]

1. e4 e6 2. Nc3 d5 3. exd5 exd5 4. Bb5+ c6 5. Qe2+ Be7 6. Nxd5 
Qxd5 7. Bc4 Qxg2 8. P@e6 Qxh1 9. exf7+ Kf8 10. fxg8=Q+ Rxg8 11. P@f7 Qxg1+ 
12. N@f1 Rh8 13. P@d6 N@f5 14. dxe7+ Nxe7 15. B@d6 P@e6 16. Bxe7+ Kxe7 17. N@f5+ 
Kd8 18. d3 P@g2 19. Bg5+ P@f6 20. Bxf6+ gxf6 21. O-O-O 
{Igy forfeits on time} 0-1

[Event "fics rated crazyhouse match"]
[Site "fics, Oklahoma City, OK USA"]
[Date "2000.01.16"]
[White "Yoba"]
[WhiteElo "2312"]
[Black "Igy"]
[BlackElo "2158"]
[TimeControl "180+0"]
[Result "0-1"]

1. e4 Nf6 2. e5 Nd5 3. Bc4 e6 4. Bxd5 exd5 5. Nc3 d6 6. d4 
dxe5 7. dxe5 Bb4 8. Bd2 B@g4 9. P@f3 Bge6 10. Nge2 Nc6 11. f4 P@h3 
12. Rg1 Bxc3 13. Nxc3 N@h4 14. gxh3 Bxh3 15. B@g5 Ng2+ 16. Rxg2 Bxg2 17. Bxd8 
R@f1+ 18. Ke2 P@f3+ 19. Kd3 Rxd1 20. N@d6+ cxd6 21. N@c7+ Kxd8 22. Ne6+ Bxe6 
23. P@c7+ Ke8 24. Q@b8+ Nxb8 25. cxb8=Q+ Rxb8 26. N@c7+ Kd7 27. N7xd5 N@c5# 
{Yoba forfeits on time} 0-1

[Event "fics rated crazyhouse match"]
[Site "fics, Oklahoma City, OK USA"]
[Date "2000.01.16"]
[White "Igy"]
[WhiteElo "2169"]
[Black "Yoba"]
[BlackElo "2301"]
[TimeControl "180+0"]
[Result "0-1"]

1. e4 e6 2. Nc3 Nf6 3. Nf3 d5 4. exd5 Nxd5 5. d4 Bb4 6. Bd2 
Bxc3 7. bxc3 N@e4 8. P@b2 P@a3 9. bxa3 Ndxc3 10. Bxc3 Nxc3 11. Qc1 P@e4 
12. B@h4 f6 13. P@h6 Rg8 14. N@h5 exf3 15. Nxg7+ Kf7 16. gxf3 Qxd4 17. Bxf6 
P@d2+ 18. Qxd2 Qxd2+ 19. Kxd2 N@b1+ 20. Rxb1 Nxb1+ 21. Kc1 B@d2+ 22. Kb2 Q@c1+ 
23. Kb3 Qxa3+ 24. Kc4 P@d5+ 25. Kd4 Nc6# 
{Igy checkmated} 0-1

[Event "fics rated crazyhouse match"]
[Site "fics, Oklahoma City, OK USA"]
[Date "2000.01.16"]
[White "Yoba"]
[WhiteElo "2306"]
[Black "Igy"]
[BlackElo "2164"]
[TimeControl "180+0"]
[Result "0-1"]

1. e4 e6 2. d4 Nc6 3. Nf3 Nf6 4. Nc3 Bb4 5. Bg5 Nxe4 6. Bxd8 
Nxc3 7. bxc3 Bxc3+ 8. N@d2 Kxd8 9. Rb1 Nxd4 10. Nxd4 Bxd4 11. Ne4 B@a5+ 
12. c3 Bdxc3+ 13. Nxc3 Bxc3+ 14. B@d2 N@d4 15. Bxc3 N@c2+ 16. Kd2 N@e4+ 17. Kd3 
Nxf2+ 18. Kd2 Nxd1 19. Bxd4 Nxd4 20. B@e7+ Kxe7 21. Q@c5+ Q@d6 22. Qxd6+ cxd6 
23. Rxd1 Q@c2+ 24. Ke3 B@f2# 
{Yoba forfeits on time} 0-1

[Event "fics rated crazyhouse match"]
[Site "fics, Oklahoma City, OK USA"]
[Date "2000.01.16"]
[White "Igy"]
[WhiteElo "2175"]
[Black "Yoba"]
[BlackElo "2295"]
[TimeControl "180+0"]
[Result "0-1"]

1. e4 e6 2. Nc3 Nf6 3. Nf3 d5 4. Bb5+ Bd7 5. exd5 Nxd5 6. Bxd7+ 
Nxd7 7. Nxd5 exd5 8. B@h3 B@e4 9. d3 Bxf3 10. Qxf3 N@e5 11. Qxd5 P@g4 
12. P@e6 fxe6 13. Qxe6+ Qe7 14. P@f7+ Kd8 15. Bxg4 Nxg4 16. B@h4 B@f6 17. Bxf6 
Ndxf6 18. Qxe7+ Bxe7 19. N@e6+ Kc8 20. Nxg7 B@c5 21. B@e6+ P@d7 22. Bxg4 Bxf2+ 
23. Kd1 Nxg4 24. Q@e8+ Rxe8 25. fxe8=Q+ Q@d8 26. Qxd8+ Bxd8 27. R@e8 P@e2+ 28. Rxe2 
Bfh4 29. P@f7 N@f2+ 30. Kd2 P@e3+ 31. Rxe3 Nxe3 32. N@e7# 
{Igy forfeits on time} 0-1

[Event "fics rated crazyhouse match"]
[Site "fics, Oklahoma City, OK USA"]
[Date "2000.01.16"]
[White "nonspiego"]
[WhiteElo "2013"]
[Black "Thufir"]
[BlackElo "2401"]
[TimeControl "180+0"]
[Result "1-0"]

1. e4 e6 2. d4 Nc6 3. Nf3 Nf6 4. d5 exd5 5. exd5 Qe7+ 6. Be2 
Ne5 7. O-O Nxf3+ 8. Bxf3 P@e4 9. Re1 N@h4 10. Bxe4 Nxe4 11. d6 cxd6 
12. N@d5 B@c6 13. Nxe7 Bxe7 14. P@d5 Nxf2 15. Kxf2 Bb5 16. P@f6 gxf6 17. N@g7+ 
Kd8 18. Nc3 P@e2 19. Rxe2 Bxe2 20. Qxe2 N@h1+ 21. Kg1 P@f2+ 22. Qxf2 Nxf2 
23. P@c7+ Kxc7 24. Nb5+ Kb6 25. Q@c7+ Kxb5 26. a4+ Kb4 27. Bd2+ P@c3 28. Bxc3# 
{Thufir checkmated} 1-0

[Event "fics rated crazyhouse match"]
[Site "fics, Oklahoma City, OK USA"]
[Date "2000.01.16"]
[White "Thufir"]
[WhiteElo "2387"]
[Black "nonspiego"]
[BlackElo "2027"]
[TimeControl "180+0"]
[Result "1-0"]

1. e4 Nf6 2. Nc3 d5 3. exd5 Nxd5 4. d4 e6 5. Bd3 Bb4 6. Nf3 
Nxc3 7. bxc3 Bxc3+ 8. Bd2 Bxa1 9. Qxa1 P@d5 10. N@h5 Rg8 11. Bxh7 R@h8 
12. Bxg8 Rxg8 13. P@h7 Rh8 14. Nxg7+ Kf8 15. B@h6 Ke7 16. P@f6+ Kxf6 17. Bdg5+ 
Kg6 18. P@h5+ Kxh7 19. Bxd8 Kxh6 20. Q@g5+ Kh7 21. R@h6+ Kg8 22. Nxe6+ P@g6 
23. Rxh8+ Kxh8 24. P@g7+ Kg8 25. R@h8# 
{nonspiego checkmated} 1-0

[Event "fics rated crazyhouse match"]
[Site "fics, Oklahoma City, OK USA"]
[Date "2000.01.16"]
[White "nonspiego"]
[WhiteElo "2025"]
[Black "Thufir"]
[BlackElo "2389"]
[TimeControl "180+0"]
[Result "1-0"]

1. e4 e6 2. d4 Nc6 3. Nf3 Nf6 4. d5 exd5 5. exd5 Qe7+ 6. Be2 
Ne5 7. O-O Nxf3+ 8. Bxf3 d6 9. Re1 P@e5 10. P@c6 bxc6 11. dxc6 Rb8 
12. P@d7+ Nxd7 13. cxd7+ Qxd7 14. Nc3 P@d4 15. Qxd4 N@e6 16. Qc4 P@b5 17. Nxb5 
P@b7 18. P@c6 Qe7 19. cxb7 Bxb7 20. Bxb7 Rxb7 21. Qc6+ B@d7 22. Qxb7 Qd8 
23. Nxc7+ Nxc7 24. P@c6 Bc8 25. P@d7+ Ke7 26. Qxc8 N@e6 27. N@f5+ Kf6 28. Qxd8+ 
Nxd8 29. Q@g5+ Ke6 30. N@f4# 
{Thufir checkmated} 1-0

[Event "fics rated crazyhouse match"]
[Site "fics, Oklahoma City, OK USA"]
[Date "2000.01.16"]
[White "Thufir"]
[WhiteElo "2375"]
[Black "nonspiego"]
[BlackElo "2039"]
[TimeControl "180+0"]
[Result "0-1"]

1. e4 e6 2. Nc3 d5 3. exd5 exd5 4. d4 Bb4 5. Bb5+ Bd7 6. Qe2+ 
Qe7 7. Bxd7+ Nxd7 8. Bd2 P@e4 9. Nxd5 Bxd2+ 10. Qxd2 Qd6 11. Nc3 B@b4 
12. a3 Bxc3 13. bxc3 N@c4 14. Qe2 B@d2+ 15. Kf1 Bxc3 16. Qxe4+ Ne7 17. Qe2 
Nd2+ 18. Ke1 Nf3+ 19. Kf1 Nxd4 20. B@g3 P@f4 21. P@c5 Qxc5 22. P@b4 Nxe2 
23. bxc5 Nxg3+ 24. hxg3 fxg3 25. fxg3 P@f2 26. Kxf2 P@e3+ 27. Kxe3 Nd5+ 28. Kf3 
Q@e3+ 29. Kg4 Ne5+ 30. Kh3 Nf4+ 31. Kh4 g5+ 32. Kxg5 f6+ 33. Kxf6 Neg6+ 
34. Kg5 Qxg3+ 35. B@g4 h6+ 36. Rxh6 P@f6+ 37. Kf5 P@e6+ 38. Ke4 B@d5# 
{Thufir checkmated} 0-1

[Event "fics rated crazyhouse match"]
[Site "fics, Oklahoma City, OK USA"]
[Date "2000.01.16"]
[White "nonspiego"]
[WhiteElo "2053"]
[Black "Thufir"]
[BlackElo "2361"]
[TimeControl "180+0"]
[Result "0-1"]

1. e4 e6 2. d4 Nc6 3. Nf3 Nf6 4. d5 exd5 5. exd5 Qe7+ 6. Be2 
P@e4 7. Ng5 Ne5 8. Nc3 Ng6 9. O-O h6 10. Ngxe4 Nxe4 11. Nxe4 Qxe4 
12. Bf3 Qf5 13. Re1+ Be7 14. Bg4 Qf6 15. N@h5 Qd6 16. Nxg7+ Kd8 17. Nf5 
Qf6 18. P@g7 Re8 19. Nxe7 Nxe7 20. B@e5 Qg6 21. P@h5 Qh7 22. Bf6 N@g8 
23. Rxe7 Nxe7 24. Bxe7+ Rxe7 25. Bxh6 B@e4 26. d6 cxd6 27. P@c7+ Kxc7 28. N@b5+ 
Kb6 29. Qxd6+ R@c6 30. Qxe7 N@d5 31. P@a5+ Kxb5 32. a4+ Kxa5 33. N@b3+ Kb6 
34. Qd8+ Rc7 35. a5+ Kb5 36. Be2+ P@d3 37. R@c5+ Rxc5 38. P@a4+ Kc6 39. Nd4+ 
Kd6 40. Qf8+ P@e7 41. cxd3 N@h3+ 42. Kf1 R@g1# 
{nonspiego checkmated} 0-1

[Event "fics rated crazyhouse match"]
[Site "fics, Oklahoma City, OK USA"]
[Date "2000.01.16"]
[White "fisherman"]
[WhiteElo "2213"]
[Black "Firefly"]
[BlackElo "2489"]
[TimeControl "120+0"]
[Result "0-1"]

1. e4 e6 2. Nc3 Nc6 3. d4 Bb4 4. Nf3 Nf6 5. Bd3 d5 6. Bg5 
dxe4 7. Bxe4 Nxe4 8. Bxd8 P@e3 9. fxe3 B@f2+ 10. Kf1 Bxc3 11. P@b5 Nxd8 
12. bxc3 Bxe3 13. Qd3 N@g3+ 14. hxg3 Nxg3+ 15. Ke1 B@f2+ 16. Kd1 P@e2+ 17. Qxe2 
Nxe2 18. B@b4 Nxc3+ 19. Bxc3 Bxd4 20. Bxd4 P@e2+ 21. Kxe2 Bxd4 22. Nxd4 Q@e4+ 
23. P@e3 Qxg2+ 24. P@f2 P@f3+ 25. Nxf3 B@e4 26. B@h5 P@g6 27. P@d6 Bxf3+ 28. Bxf3 
N@g3+ 29. Kd3 cxd6 30. Bxg2 Nxh1 31. N@c7+ Ke7 32. Rxh1 R@c5 33. Nxa8 Bd7 
34. P@c7 Bxb5+ 35. Kd2 P@c3+ 36. Kc1 P@d2+ 37. Kb1 Nc6 38. B@d8+ Nxd8 39. cxd8=Q+ 
Rxd8 40. B@h4+ B@f6 41. R@b3 Rxa8 42. Bxf6+ gxf6 43. Rxh7 d1=Q+ 44. B@c1 N@d2+ 
45. Ka1 Qxc1+ 46. N@b1 P@b2+ 47. Rxb2 cxb2# 
{fisherman checkmated} 0-1

[Event "fics rated crazyhouse match"]
[Site "fics, Oklahoma City, OK USA"]
[Date "2001.01.16"]
[White "Thufir"]
[WhiteElo "2276"]
[Black "RFrancisco"]
[BlackElo "2407"]
[TimeControl "60+0"]
[Result "1-0"]

1. e4 Nf6 2. e5 d5 3. exf6 exf6 4. d4 Nc6 5. Nf3 P@e4 6. Be2 
exf3 7. Bxf3 Qe7+ 8. P@e3 N@g5 9. Nc3 Nxf3+ 10. gxf3 B@a5 11. Bd2 Bxc3 
12. Bxc3 N@g2+ 13. Kf1 Bh3 14. Kg1 Nh4 15. B@g3 Nxd4 16. Bxd4 P@g2 17. Bxh4 
gxh1=Q+ 18. Kxh1 Qxe3 19. P@g2 P@e2 20. Bxe3 exd1=Q+ 21. Rxd1 Bxg2+ 22. Kxg2 Q@d7 
23. B@h3 R@g6+ 24. P@g5 P@e6 25. N@f4 Be7 26. Nxg6 hxg6 27. Bg3 fxg5 28. N@e5 
Rxh3 29. Nxd7 P@e4 30. Ne5 exf3+ 31. Nxf3 B@e4 32. P@d7+ Kf8 33. R@c8+ N@d8 
34. Q@e8# 
{RFrancisco checkmated} 1-0

[Event "fics rated crazyhouse match"]
[Site "fics, Oklahoma City, OK USA"]
[Date "2001.01.16"]
[White "RFrancisco"]
[WhiteElo "2396"]
[Black "Thufir"]
[BlackElo "2287"]
[TimeControl "60+0"]
[Result "1-0"]

1. e4 e6 2. d4 Nc6 3. Nc3 Nf6 4. Nf3 Bb4 5. e5 Ne4 6. Bd3 
d5 7. exd6 Nxd6 8. O-O Bxc3 9. bxc3 P@e4 10. B@h4 f6 11. Ne5 Nxe5 
12. dxe5 exd3 13. cxd3 Nf7 14. N@h5 Rg8 15. exf6 g6 16. Ng7+ Kd7 17. P@d5 
exd5 18. P@e6+ Kc6 19. exf7 Rf8 20. N@d4+ Kb6 21. Rb1+ Ka6 22. Qa4+ P@a5 
23. Qb5# 
{Thufir checkmated} 1-0

[Event "fics rated crazyhouse match"]
[Site "fics, Oklahoma City, OK USA"]
[Date "2001.01.16"]
[White "Thufir"]
[WhiteElo "2281"]
[Black "RFrancisco"]
[BlackElo "2402"]
[TimeControl "60+0"]
[Result "0-1"]

1. e4 d5 2. exd5 Nf6 3. Bb5+ c6 4. dxc6 Nxc6 5. Nc3 e5 6. d3 
Bc5 7. Bg5 O-O 8. Bxf6 Bxf2+ 9. Kxf2 Qxf6+ 10. P@f3 P@f4 11. N@e4 B@e3+ 
12. Kf1 Qd8 13. P@f2 Bxf2 14. Nxf2 P@e3 15. Nfe4 Nd4 16. Bc4 P@h3 17. Nxh3 
Bxh3 18. gxh3 Rc8 19. P@e2 Rxc4 20. dxc4 B@f5 21. R@g2 Bxh3 22. Rg1 N@h4 
23. B@f6 Nxg2 24. Rxg2 Bxg2+ 25. Kxg2 R@f2+ 26. Nxf2 Qxf6 27. Ng4 P@h3+ 28. Kxh3 
R@h4+ 29. Kg2 B@h3+ 30. Kg1 Bxg4 31. fxg4 N@h3+ 32. Kg2 f3+ 33. exf3 Nf4+ 
34. Kg1 e2 35. Nxe2 Ndxe2+ 36. Kf2 Rxh2+ 37. Ke1 Rh1+ 38. B@f1 Rd8 39. P@d5 
Rxf1+ 40. Kxf1 P@g2+ 41. Ke1 g1=Q+ 42. B@f1 B@f2+ 43. Kd2 Be3+ 44. Ke1 Qf2# 
{Thufir checkmated} 0-1

[Event "fics rated crazyhouse match"]
[Site "fics, Oklahoma City, OK USA"]
[Date "2001.01.16"]
[White "RFrancisco"]
[WhiteElo "2407"]
[Black "Thufir"]
[BlackElo "2276"]
[TimeControl "60+0"]
[Result "1-0"]

1. e4 e6 2. d4 Nc6 3. Nc3 Nf6 4. Nf3 Bb4 5. e5 Ne4 6. Bd3 
Bxc3+ 7. bxc3 Nxc3 8. B@h4 Nxd1 9. Bxd8 Nc3 10. O-O P@h3 11. gxh3 Kxd8 
12. Bg5+ B@e7 13. P@d6 cxd6 14. exd6 N@e2+ 15. Kh1 Bxg5 16. P@c7+ Ke8 17. Q@g4 
B@f6 18. Bxe2 Nxe2 19. Nxg5 B@d5+ 20. f3 Bxg5 21. Qxg5 P@g2+ 22. Qxg2 N@f4 
23. Qxg7 Q@g2+ 24. Qxg2 Nxg2 25. N@f6+ Kf8 26. B@h6+ Q@g7 27. Q@e8# 
{Thufir checkmated} 1-0

[Event "fics rated crazyhouse match"]
[Site "fics, Oklahoma City, OK USA"]
[Date "2001.01.16"]
[White "Thufir"]
[WhiteElo "2271"]
[Black "RFrancisco"]
[BlackElo "2412"]
[TimeControl "60+0"]
[Result "0-1"]

1. e4 d5 2. exd5 Nf6 3. Bb5+ c6 4. dxc6 Nxc6 5. Nc3 e5 6. d3 
P@h3 7. Nxh3 Bxh3 8. gxh3 Bb4 9. B@f3 Bxc3+ 10. bxc3 N@h4 11. B@g2 O-O 
12. Bbxc6 bxc6 13. Bxc6 Rc8 14. Bg5 Rxc6 15. Bxh4 B@d5 16. P@e4 Bxe4 17. Bxe4 
Nxe4 18. Bxd8 P@d2+ 19. Qxd2 N@f3+ 20. Ke2 Nfxd2 21. P@g2 B@h5+ 22. P@g4 Rxd8 
23. N@e7+ Kh8 24. Nxc6 Nc4 25. P@d2 Nxc3+ 26. dxc3 Q@d2+ 27. Kf3 B@d5+ 28. P@e4 
Bxe4+ 29. dxe4 Qf4+ 30. Ke2 Rd2+ 31. Ke1 Qxf2# 
{Thufir checkmated} 0-1

[Event "fics rated crazyhouse match"]
[Site "fics, Oklahoma City, OK USA"]
[Date "2001.01.16"]
[White "RFrancisco"]
[WhiteElo "2417"]
[Black "Thufir"]
[BlackElo "2266"]
[TimeControl "60+0"]
[Result "1-0"]

1. e4 e6 2. d4 Nc6 3. Nc3 Nf6 4. Nf3 Bb4 5. e5 Ne4 6. Bd3 
Bxc3+ 7. bxc3 Nxc3 8. Bg5 Nxd1 9. Bxd8 Q@c3+ 10. B@d2 Qxa1 11. O-O Kxd8 
12. Bg5+ P@e7 13. Bxe7+ Nxe7 14. P@d6 Nd5 15. dxc7+ Nxc7 16. P@d6 Nd5 17. c4 
P@h3 18. cxd5 R@h1+ 19. Kxh1 Nxf2+ 20. Kg1 Qxf1+ 21. Kxf1 hxg2+ 22. Kxf2 P@e3+ 
23. Kxe3 N@g4+ 24. Kd2 B@e3+ 25. Kc3 B@a5+ 26. P@b4 Bxb4+ 27. Kxb4 a5+ 28. Kb3 
a4+ 29. Kb4 R@b6+ 30. B@b5 P@a5+ 31. Kxa4 Rxd6 32. exd6 P@e7 33. Q@c7# 
{Thufir resigns} 1-0

[Event "fics rated crazyhouse match"]
[Site "fics, Oklahoma City, OK USA"]
[Date "2001.01.16"]
[White "Thufir"]
[WhiteElo "2261"]
[Black "RFrancisco"]
[BlackElo "2422"]
[TimeControl "60+0"]
[Result "1-0"]

1. e4 d5 2. exd5 Nf6 3. Bb5+ c6 4. dxc6 Nxc6 5. Nc3 e5 6. d3 
P@h3 7. gxh3 Bb4 8. P@g2 Nd5 9. Bd2 Bxc3 10. bxc3 Nf4 11. Bxf4 exf4 
12. B@f3 Qe7+ 13. P@e2 B@e3 14. N@d5 Bxf2+ 15. Kxf2 P@e3+ 16. Kf1 Qh4 17. P@g3 
fxg3 18. hxg3 Qxg3 19. Nxe3 P@f2 20. P@h2 fxg1=Q+ 21. Rxg1 Qxh2 22. Bfxc6+ bxc6 
23. Bxc6+ P@d7 24. B@f2 dxc6 25. N@g4 Qc7 26. P@f6 P@h2 27. fxg7 hxg1=Q+ 28. Bxg1 
R@f4+ 29. P@f3 Rg8 30. P@g3 B@c5 31. P@d4 Be7 32. gxf4 N@h6 33. R@h8 N@g3+ 
34. Ke1 B@b5 35. Rxg8+ Nxg8 36. R@h8 Kd7 37. P@d6 Qxd6 38. Ne5+ Kc7 39. Bf2 
Kb6 40. Kd2 Ka5 41. Rb1 R@a4 42. Rxb5# 
{RFrancisco forfeits on time} 1-0

[Event "fics rated crazyhouse match"]
[Site "fics, Oklahoma City, OK USA"]
[Date "2001.01.16"]
[White "RFrancisco"]
[WhiteElo "2411"]
[Black "Thufir"]
[BlackElo "2272"]
[TimeControl "60+0"]
[Result "1-0"]

1. e4 e6 2. d4 Nc6 3. Nc3 Nf6 4. Nf3 Bb4 5. Bd3 d5 6. exd5 
exd5 7. O-O Bxc3 8. Re1+ Bxe1 9. Qxe1+ P@e4 10. B@h4 Bg4 11. P@e5 Bxf3 
12. exf6 N@h3+ 13. Kh1 Bxg2+ 14. Kxg2 P@f3+ 15. Kxh3 gxf6 16. N@g7+ Kd7 17. B@g4+ 
P@e6 18. N@c5+ Kc8 19. Bf4 exd3 20. cxd3 B@g2+ 21. Kg3 N@e2+ 22. Qxe2 fxe2 
23. P@a6 R@f3+ 24. Kxg2 Rb8 25. axb7+ Rxb7 26. B@a6 Rxf4 27. Bxb7+ Kb8 28. N@a6# 
{Thufir checkmated} 1-0

[Event "fics rated crazyhouse match"]
[Site "fics, Oklahoma City, OK USA"]
[Date "2001.01.16"]
[White "Thufir"]
[WhiteElo "2267"]
[Black "RFrancisco"]
[BlackElo "2416"]
[TimeControl "60+0"]
[Result "0-1"]

1. e4 e5 2. Nf3 Nc6 3. Bc4 Bc5 4. Nc3 Nf6 5. d3 O-O 6. Bg5 
h6 7. Bxf6 Qxf6 8. Nd5 Qd8 9. O-O B@h5 10. N@g3 Bxf3 11. Qxf3 Nd4 
12. Qg4 d6 13. B@f5 Bxf5 14. Nxf5 B@g5 15. Nxd4 Bxd4 16. N@f5 N@h7 17. B@e7 
N@f6 18. Nxf6+ Nxf6 19. Bxf6 Qxf6 20. N@d5 Qd8 21. N@e7+ Kh7 22. Nxd4 exd4 
23. B@h5 N@f6 24. Nxf6+ gxf6 25. Nf5 N@e5 26. Qe2 N@f4 27. Qd1 Nxh5 28. Qxh5 
B@g6 29. Qd1 B@g4 30. N@f3 B6xf5 31. exf5 Bxf3 32. Qxf3 Nxf3+ 33. Kh1 N@g3+ 
34. fxg3 Q@g1+ 35. Rxg1 N@f2# 
{Thufir checkmated} 0-1

[Event "fics rated crazyhouse match"]
[Site "fics, Oklahoma City, OK USA"]
[Date "2001.01.16"]
[White "RFrancisco"]
[WhiteElo "2421"]
[Black "Thufir"]
[BlackElo "2262"]
[TimeControl "120+0"]
[Result "0-1"]

1. e4 e6 2. d4 Nc6 3. Nc3 Nf6 4. Nf3 Bb4 5. e5 Ne4 6. Bd3 
Bxc3+ 7. bxc3 Nxc3 8. Ba3 Nxd1 9. Rxd1 P@g4 10. N@h5 d6 11. Nxg7+ Kd7 
12. P@b5 gxf3 13. bxc6+ bxc6 14. B@e4 Q@c3+ 15. Kf1 P@e2+ 16. Bxe2 fxe2+ 17. Kxe2 
N@f4+ 18. Kf1 Ba6+ 19. N@d3 B@b5 20. exd6 cxd6 21. Bxd6 P@e2# 
{RFrancisco resigns} 0-1

[Event "fics rated crazyhouse match"]
[Site "fics, Oklahoma City, OK USA"]
[Date "2001.01.16"]
[White "Thufir"]
[WhiteElo "2273"]
[Black "RFrancisco"]
[BlackElo "2410"]
[TimeControl "120+0"]
[Result "0-1"]

1. e4 e5 2. Nf3 Nc6 3. Bc4 Bc5 4. Nc3 Nf6 5. d3 d6 6. Bg5 
O-O 7. Nd5 Nxd5 8. Bxd8 Nf4 9. Bg5 Nxg2+ 10. Kd2 Bxf2 11. Bxf7+ Rxf7 
12. Q@e8+ N@f8 13. Qe2 B@e3+ 14. Bxe3 Bxe3+ 15. Kd1 B@h5 16. Qxg2 Rxf3 17. B@d5+ 
P@e6 18. P@e2 Rf6 19. N@f3 exd5 20. exd5 B@h3 21. Qg3 N@f2+ 22. Ke1 P@d2+ 
23. Nxd2 Bxd2+ 24. Kxd2 N@e4+ 25. dxe4 Nxe4+ 26. Kc1 P@d2+ 27. Kb1 Nxg3 28. P@f7+ 
Bxf7 29. N@e7+ Nxe7 30. Qxe7 Q@e1+ 31. N@d1 Qxh1 32. a3 Qxd1+ 33. Ka2 Qxc2 
34. B@a4 P@b3+ 35. Bxb3 Qxb3+ 36. Kxb3 N@d4+ 37. Kc3 R@c2+ 38. Kd3 B@c4+ 39. Ke3 
N@g4# 
{Thufir checkmated} 0-1

[Event "fics rated crazyhouse match"]
[Site "fics, Oklahoma City, OK USA"]
[Date "2000.01.17"]
[White "fairlane"]
[WhiteElo "2014"]
[Black "LSS"]
[BlackElo "2405"]
[TimeControl "180+0"]
[Result "0-1"]

1. e4 d6 2. d4 Nf6 3. Nc3 Bg4 4. Be2 Bxe2 5. Ngxe2 e6 6. O-O 
Be7 7. Bg5 h6 8. Bh4 Nbd7 9. B@a4 O-O 10. Bxd7 Qxd7 11. e5 Nd5 
12. Nxd5 exd5 13. Bxe7 Qxe7 14. exd6 cxd6 15. Nf4 B@e4 16. P@f3 P@g5 17. Nh5 
Bg6 18. Ng3 N@f4 19. Re1 B@e6 20. N@f5 Bgxf5 21. Nxf5 Qf6 22. Nxd6 B@h3 
23. B@e5 Bxg2 24. h4 N@h3+ 25. Kh2 Qxe5 26. dxe5 gxh4 27. N@e7+ Kh8 28. P@f5 
P@g3+ 29. fxg3 hxg3+ 30. Kxg3 B@f2+ 31. Kh2 P@g3# 
{fairlane checkmated} 0-1

[Event "fics rated crazyhouse match"]
[Site "fics, Oklahoma City, OK USA"]
[Date "2000.01.17"]
[White "LSS"]
[WhiteElo "2407"]
[Black "fairlane"]
[BlackElo "2012"]
[TimeControl "180+0"]
[Result "1-0"]

1. e4 d6 2. d4 Nf6 3. Nc3 Bg4 4. f3 Bh5 5. Bc4 Nc6 6. Nge2 
e6 7. O-O d5 8. Bb5 dxe4 9. fxe4 P@d5 10. exd5 exd5 11. P@a6 Qd7 
12. axb7 Rb8 13. Bxc6 Qxc6 14. N@e5 Qxb7 15. Rxf6 gxf6 16. P@d7+ Ke7 17. N@c6+ 
Ke6 18. Nf4+ Kf5 19. Qxh5+ R@g5 20. P@g4# 
{fairlane checkmated} 1-0

[Event "fics rated crazyhouse match"]
[Site "fics, Oklahoma City, OK USA"]
[Date "2000.01.17"]
[White "LSS"]
[WhiteElo "2409"]
[Black "Tecumseh"]
[BlackElo "2225"]
[TimeControl "180+0"]
[Result "1-0"]

1. e4 e6 2. d4 Nf6 3. Bd3 d5 4. e5 Ne4 5. Nd2 Nxd2 6. Bxd2 
Nc6 7. c3 Be7 8. Nh3 N@e4 9. O-O Nxd2 10. Qxd2 Bd7 11. N@h5 B@f8 
12. Rae1 Na5 13. b3 Rc8 14. f4 c5 15. Ng5 Nc6 16. Nxf7 Kxf7 17. N@g5+ 
Kg8 18. P@f7# 
{Tecumseh checkmated} 1-0